 Dungeon Crawl Stone Soup version 0.31-a0-408-gb642c7f9a3 (webtiles) character file.

Game seed: 9992952192357860258

44 night the Ruffian (level 3, 0/26 HPs)
             Began as a Barachi Shapeshifter on July 29, 2023.
             Slain by Terence
             ... wielding a +0 hand axe
              (7 damage)
             ... on level 2 of the Dungeon.
             The game lasted 00:02:16 (1078 turns).

night the Ruffian (Barachi Shapeshifter)            Turns: 1078, Time: 00:02:16

Health: 0/26       AC:  2    Str: 18    XL:     3   Next: 62%
Magic:  3/3        EV: 12    Int:  8    God:
Gold:   43         SH:  0    Dex: 18    Spells: 2/2 levels left

rFire   . .          .
                       - Unarmed
rCold   . . .        (no shield)
rNeg    . . .        a - +0 animal skin
rPois   .            (helmet currently unavailable)
rElec   .            (cloak currently unavailable)
rCorr   .            (gloves currently unavailable)
SInv    .            (boots currently unavailable)
Will    .....        (no amulet)
Stlth   ++           f - +6 ring of dexterity
HPRegen 0.24/turn    (no ring)
MPRegen 0.08/turn

%: no passive effects
@: beast-form, attractive, slow
A: beast (slay +2), amphibious, slowness 1, strong legs 1, +LOS
a: Hop, Begin Untransformation


You were on level 2 of the Dungeon.
You were a hulking beast.
You visited 1 branch of the dungeon, and saw 2 of its levels.

You collected 43 gold pieces.

Inventory:

Missiles
 g - 12 stones
Armour
 a - a +0 animal skin (worn)
 m - a +0 kite shield
Jewellery
 f - a +6 ring of dexterity (left hand)
Talismans
 c - a beast talisman
Scrolls
 d - 3 scrolls of identify {unknown}
 j - 2 scrolls of fog {unknown}
Potions
 b - a potion of lignification
 i - a potion of degeneration {unknown}
 k - 5 potions of curing {unknown}
 l - a potion of resistance {unknown}


   Skills:
 - Level 1.2 Fighting
 + Level 2.1 Armour
 - Level 2.1 Dodging
 + Level 3.9 Unarmed Combat
 + Level 3.7 Shapeshifting


You had 2 spell levels left.
You didn't know any spells.
Your spell library was empty.

Dungeon Overview and Level Annotations

Branches:
Dungeon (2/15)

Altars:

Shops:
D:1 *

Annotations:
D:2 Terence


Innate Abilities, Weirdness & Mutations

You are a hulking beast.
Your limbs bulge with bestial killing power. (Slay +2)
You are amphibious.
You cover ground slowly.
You can hop short distances.
You have an extended range of vision and can be seen from far away.


Message History

Terence is lightly wounded.
Terence closely misses you.
You hit Terence.
Terence is lightly wounded.
Terence barely misses you.
You completely miss Terence. You punch Terence, but do no damage.
Terence is lightly wounded.
You closely miss Terence.
Terence is lightly wounded.
Terence hits you with a +0 hand axe.
You hit Terence but do no damage.
Terence is lightly wounded.
Terence screams, "I'm going to kill you!"
Terence misses you.
You hit Terence but do no damage.
Terence is lightly wounded.
Terence hits you with a +0 hand axe.
You closely miss Terence.
Terence is lightly wounded.
Terence hits you with a +0 hand axe!
You hit Terence but do no damage.
Terence is lightly wounded.
Terence closely misses you.
You hit Terence but do no damage.
Terence is lightly wounded.
Terence hits you with a +0 hand axe.
* * * LOW HITPOINT WARNING * * *
You are too injured to fight recklessly!
You are too injured to fight recklessly!
You are too injured to fight recklessly!
You are too injured to fight recklessly!
Okay, then.
It was a potion of attraction.
You feel attractive to monsters.
Terence shouts, "ATTACK!!!"
Terence misses you.
It was a potion of cancellation.
Your magical effects are unravelling.
You feel magically purged. Terence hits you with a +0 hand axe!
You die...

###### #..... #.....
#..?.. #..... #.....
#.....
#....@################.
#.....h................
#..........#...######...
#..........#...<........
######...###...#####....
##....#...+ #....#####
###.#.. ..... .#.###


You could see Terence.

Vanquished Creatures
  A worm (D:2)
  A dart slug (D:1)
  5 ball pythons (D:1)
  2 endoplasms (D:1)
  2 goblins (D:1)
  3 hobgoblins (D:1)
  5 jackals (D:1)
  A quokka (D:1)
  6 bats (D:1)
  2 frilled lizards (D:1)
  4 kobolds (D:1)
  5 rats
37 creatures vanquished.

Notes
Turn   | Place    | Note
-------+----------+-------------------------------------------
     0 | D:1      | night the Barachi Shapeshifter began the quest for the Orb.
     0 | D:1      | Reached XP level 1. HP: 15/15 MP: 1/1
   279 | D:1      | Reached skill level 1 in Armour
   279 | D:1      | Reached XP level 2. HP: 21/21 MP: 2/2
   419 | D:1      | Found Neatesk's General Store.
   521 | D:1      | Reached XP level 3. HP: 26/26 MP: 3/3
   791 | D:1      | Reached skill level 2 in Armour
  1057 | D:2      | Noticed Terence
  1078 | D:2      | Slain by Terence

Illustrated notes

Levels and vault maps discovered:
D:1:      sevenhm_arrival_forest_fort_large_4, layout_basic, serial_shops,
          nicolae_shop_rolling_square, chequers_serial_rivers_small_a
D:2:      kennysheep_big_flooded_room, layout_basic, hangedman_decor_push,
          uniq_sigmund, uniq_terence

Skill      XL: |  1  2  3 |
---------------+----------+-----
Armour         | 1 2 |  2.1
Fighting       | |  1.2
Dodging        | |  2.1
Unarmed Combat | |  3.9
Shapeshifting  | |  3.7

Action                     || total
---------------------------++-------
  Melee: Unarmed           ||   105
         Punch             ||     3
    Use: Potion            ||     2
   Stab: Sleeping          ||     1
 Armour: Animal skin       ||    22
  Dodge: Dodged            ||    75

Table legend: (Time is in decaauts)
 A = Elapsed time spent in this place.
 B = Non-inter-level travel time spent in this place.
 C = Inter-level travel time spent in this place.
 D = Time resting spent in this place.
 E = Time spent auto-exploring this place.
 F = Levels seen in this place.
 G = Mean time per level.
                   A        B        C        D        E       F      G
               +--------+--------+--------+--------+--------+-----+--------+
         Total |   1218 |   1168 |     50 |     47 |    856 |   2 |  609.0 |
       Dungeon |   1218 |   1168 |     50 |     47 |    856 |   2 |  609.0 |
               +--------+--------+--------+--------+--------+-----+--------+

Top non-repeatable levels by time:
     D:1: 1184 daAuts
     D:2: 34 daAuts
